 Dungeon Crawl Stone Soup version 0.20-a0-548-g4f8a798 (webtiles) character file.

722399 tsouns the Slayer (level 27, -17/191 HPs)
             Began as a Gargoyle Artificer on Jan 29, 2017.
             Was an Initiate of Gozag.
             Demolished by a quicksilver dragon simulacrum (44 damage)
             ... summoned by a greater mummy
             ... on level 3 of the Tomb of the Ancients on Feb 1, 2017.
             The game lasted 05:22:41 (71831 turns).

tsouns the Slayer (Gargoyle Artificer)             Turns: 71831, Time: 05:22:42

Health: -17/191    AC: 52    Str: 40      XL:     27
Magic:  38/39      EV: 18    Int: 18 (19) God:    Gozag
Gold:   19553      SH:  6    Dex: 16      Spells: 20/51 levels left

rFire    + + .     SeeInvis +   w - +12 glaive of Prune {chop}
rCold    . . .     Gourm    .   G - +4 shadow dragon scales
rNeg     + . .     Faith    .   (shield currently unavailable)
rPois    ∞         Spirit   .   k - +1 helmet {SInv}
rElec    +         Reflect  +   J - +2 cloak {MR+}
rCorr    .         Harm     .   W - +0 pair of gloves of Valour {rPois rF+ Str+4}
MR       +....                  f - +0 pair of boots of Miracles {rElec Regen+ Int+2}
Stlth    ++++++....             F - amulet "Feepn" {Reflect Str+4 Dex+4 SH+6}
Regen    0.9/turn               T - ring "Pob Wyolu" {rF+ Str+5 Int+3 Dex+2 Slay+3}
                                (no ring)

@: vulnerable, flying, repel missiles, drained
A: big wings, thin metallic scales 1, negative energy resistance 1, electricity
resistance, unbreathing, petrification resistance, rot immunity, AC +20
}: 5/15 runes: serpentine, barnacled, slimy, silver, abyssal
a: Stop Flying, Potion Petition, Call Merchant, Bribe Branch, Renounce Religion


You were on level 3 of the Tomb of the Ancients.
You worshipped Gozag.
Gozag was extremely pleased with you.
You were not hungry.

You visited 11 branches of the dungeon, and saw 55 of its levels.
You visited the Abyss 2 times.
You also visited: Labyrinth, Trove, Ossuary and Ice Cave.

You collected 34719 gold pieces.
You spent 11442 gold pieces at shops.
You paid 3724 gold pieces to Gozag.

Inventory:

Hand Weapons
 v - a +9 triple crossbow of velocity
 w - the +12 glaive of Prune (weapon) {chop}
   (You found it in a treasure trove)

   It inflicts extra damage upon your enemies.
 x - the +7 arbalest "Seomix" {velocity, rC+}
   (You acquired it on level 3 of the Lair of Beasts)

   Any bolt fired from it inflicts extra damage.
   It protects you from cold.
Missiles
 z - 1550 bolts
Armour
 f - the +0 pair of boots of Miracles (worn) {rElec Regen+ Int+2}
   (You acquired it on level 2 of the Depths)

   It affects your intelligence (+2).
   It insulates you from electricity.
   It increases your rate of regeneration.
 k - a +1 helmet of see invisible (worn)
 G - +4 shadow dragon scales (worn)
 J - a +2 cloak of magic resistance (worn)
 W - the +0 pair of gloves of Valour (worn) {rPois rF+ Str+4}
   (You found it in a labyrinth)

   It affects your strength (+4).
   It protects you from fire.
   It protects you from poison.
Jewellery
 i - the ring "Datuhed" {*Drain Str+5 Slay+2}
   (You found it on level 3 of the Lair of Beasts)

   [ring of slaying]

   It affects your strength (+5).
   It affects your accuracy and damage with ranged weapons and melee attacks
   (+2).
   It causes draining when unequipped.
 m - the ring of Kush {+Inv rPois MP+9 Str+2 Stlth+}
   (You found it on level 5 of the Pits of Slime)

   [ring of magical power]

   It affects your strength (+2).
   It protects you from poison.
   It affects your magic capacity (+9).
   It lets you turn invisible.
   It makes you more stealthy.
 F - the amulet "Feepn" (around neck) {Reflect Str+4 Dex+4 SH+6}
   (You found it in a treasure trove)

   [amulet of reflection]

   It shields you and reflects attacks.
   It affects your strength (+4).
   It affects your dexterity (+4).
   It affects your SH (+6).
 T - the ring "Pob Wyolu" (right hand) {rF+ Str+5 Int+3 Dex+2 Slay+3}
   (You found it on level 3 of the Tomb of the Ancients)

   [ring of strength]

   It affects your strength (+5).
   It affects your intelligence (+3).
   It affects your dexterity (+2).
   It affects your accuracy and damage with ranged weapons and melee attacks
   (+3).
   It protects you from fire.
Wands
 a - a wand of digging (15/24)
 g - a wand of iceblast (6/15)
 j - a wand of paralysis (18/24)
 s - a wand of confusion (20/48)
 y - a wand of scattershot (7/9)
 K - a wand of polymorph (18/24)
 S - a wand of acid (8/15)
Scrolls
 b - 17 scrolls of magic mapping
 h - 15 scrolls of fog
 n - 2 scrolls of summoning
 u - 9 scrolls of recharging
 A - 24 scrolls of remove curse
 C - 16 scrolls of teleportation
 O - 3 scrolls of silence
 P - 5 scrolls of blinking
 R - 3 scrolls of holy word
 V - 3 scrolls of identify
 Y - 7 scrolls of fear
Potions
 c - 4 potions of haste
 d - a potion of invisibility
 e - 3 potions of resistance
 o - 3 potions of agility
 p - 7 potions of might
 r - 23 potions of curing
 B - 10 potions of heal wounds
 E - a potion of cancellation
 N - 5 potions of cure mutation
Miscellaneous
 l - a box of beasts
 q - a phial of floods
 I - a fan of gales (inert)
 Q - a lamp of fire (inert)
 U - 2 phantom mirrors
 X - a lightning rod (4/4)
 Z - 6 sacks of spiders
Comestibles
 t - 21 royal jellies
 L - 21 bread rations
 M - 22 meat rations


   Skills:
 + Level 24.3(22.8) Fighting
   Level 2.0(1.1) Short Blades
   Level 2.2(1.2) Maces & Flails
 - Level 20.1(18.7) Polearms
 - Level 20.8(19.4) Crossbows
 - Level 15.1(13.8) Armour
 - Level 13.0(11.7) Dodging
 - Level 14.7(13.4) Stealth
 - Level 12.7(11.5) Spellcasting
 - Level 6.0(5.0) Summonings
 * Level 18.4(17.1) Translocations
 - Level 10.8(9.6) Evocations


You had 20 spell levels left.
You knew the following spells:

 Your Spells              Type           Power        Failure   Level  Hunger
a - Animate Skeleton      Necr           N/A          21%         1    None
b - Apportation           Tloc           ######       1%          1    None
c - Summon Butterflies    Summ           ####....     2%          1    None
d - Repel Missiles        Chrm/Air       ##....       30%         2    None
e - Shadow Creatures      Summ           N/A          100%        6    ######.
f - Invisibility          Hex            ##......     100%        6    ######.
g - Passwall              Tmut/Erth      ##........   30%         2    None
h - Blink                 Tloc           N/A          1%          2    None
i - Controlled Blink      Tloc           N/A          94%         8    #######
j - Swiftness             Chrm/Air       ##......     30%         2    None


Dungeon Overview and Level Annotations

Branches:
Dungeon (15/15)            Temple (0/1) D:4            Lair (6/6) D:9
 Shoals (4/4) Lair:3        Snake (4/4) Lair:3        Slime (5/5) Lair:6
    Orc (2/2) D:10            Elf (3/3) Orc:2        Vaults (5/5) D:14
  Crypt (3/3) Vaults:3       Tomb (3/3) Crypt:3      Depths (5/5) D:15
    Zot (0/5) Depths:5

Altars:
Cheibriados
Elyvilon
Gozag
Kikubaaqudgha
Trog
Yredelemnul
Beogh
Jiyva

Shops:
D:6 *:[   D:8 *(   D:11 *=?!   Orc:2 ?:[(*   Elf:1 [   Elf:2 (   Elf:3 [
Lair:1 %   Lair:6 (   Slime:5 =   Vaults:2 %?=(   Vaults:4 [   Depths:2 (
Depths:3 %   Depths:4 ![

Portals:
Hell: Depths:1 Depths:2 Depths:3 Depths:4 Depths:5
Abyss: Depths:1 Depths:2 Depths:3 Depths:4 Depths:5
Pandemonium: Depths:1 Depths:3
Ziggurat: Depths:4

Annotations:
Lair:3 Rupert
Elf:2 3 runed doors
Tomb:3 Jory


Innate Abilities, Weirdness & Mutations

You are resistant to torment.
Your stone body is resilient. (AC +20)
You are immune to poison.
Your large and strong wings let you fly indefinitely.
You resist negative energy. (rN+)
You are resistant to electric shocks. (rElec)
You can survive without breathing.
You are immune to petrification.
You are immune to rotting.
You are partially covered in thin metallic scales. (AC +2)


Message History

Attack whom?
Press: ? - help, Dir - move target cursor, f/p - greater mummy
Aim: a greater mummy (heavily damaged)
You slice the greater mummy!!
The greater mummy is severely damaged.
The quicksilver dragon simulacrum barely misses you.
The quicksilver dragon simulacrum claws you but does no damage.
You block the vampire's attack. The vampire misses you.
The greater mummy barely misses you.
Unknown command.
Attack whom?
Press: ? - help, Dir - move target cursor, f/p - greater mummy
Aim: a greater mummy (severely damaged)
You slash the greater mummy!
The greater mummy is severely damaged.
The quicksilver dragon simulacrum bites you.
* * * LOW HITPOINT WARNING * * *
The quicksilver dragon simulacrum freezes you!!!
You die...
Your body crumbles into a pile of gold.

#..(.## .......M..V.
#..$$###################
#..((...................
#..$.(.................
###.MW.................
###Z####.............
###((..##.............
##[..VMW.##............
#...WZ@...##...........
##.(....W...##..........
#............##........#
#.............##......##
#?.............#......#.
#....:.........#......#.
#.....)......(.#......#.
##.....[.......#.|....#.
##.....[......#......#.


You could see a greater mummy, 2 phantasmal warriors, a vampire, a wraith, a
shadow (invisible), a mummy, a quicksilver dragon simulacrum and a manticore
skeleton.

Vanquished Creatures
  the Royal Jelly (Slime:5)
  6 ancient liches
  Boris (Vaults:4)
  27 greater mummies
  Frederick (Tomb:1)
  Saint Roka (Depths:3)
  Margery (Depths:3)
  3 caustic shrikes (Depths:5)
  A curse toe (Crypt:3)
  5 golden dragons
  A profane servitor (Crypt:3)
  A bone dragon (Depths:5)
  Jorgrun (Crypt:1)
  7 tentacled monstrosities
  10 liches
  4 deep elf blademasters
  2 deep elf master archers (Elf:3)
  A quicksilver dragon (Depths:4)
  8 titans
  11 acid blobs
  Gastronok (Lair:1)
  12 sphinxes
  4 shadow dragons
  14 ancient champions
  Kirke (Snake:1)
  4 revenants
  6 tengu reavers
  Ilsuiw (Shoals:4)
  Donald (Elf:1)
  Roxanne (D:15)
  6 storm dragons
  11 nagarajas
  9 azure jellies
  8 deep elf sorcerers
  4 orc warlords
  5 fire giants
  13 frost giants
  16 vault wardens
  6 ghouls
  A curse skull (Crypt:3)
  Louise (Snake:1)
  3 war gargoyles (Vaults:5)
  8 deep elf elementalists
  21 stone giants
  A draconian annihilator (Depths:5)
  15 ironheart preservers
  5 vampire knights
  10 bennus
  19 very ugly things
  A reaper (Crypt:3)
  3 yellow draconians (Depths:5)
  10 deep elf demonologists
  A black draconian (Depths:5)
  4 entropy weavers
  2 green draconians
  11 deep elf annihilators
  2 white draconians (Depths:5)
  2 red draconians (Depths:5)
  5 spark wasps
  9 eidola
  7 merfolk javelineers (Shoals:4)
  16 ettins
  11 deep elf death magi
  A purple draconian (Depths:5)
  A green death (Abyss:3)
  An ettin (shapeshifter) (Vaults:5)
  11 merfolk impalers
  21 mummy priests
  7 jiangshi
  8 death oozes (Slime:5)
  A minotaur (Lab)
  13 fire dragons
  12 yaktaur captains
  12 great orbs of eyes
  12 ice dragons
  19 ogre magi
  A quicksilver dragon skeleton (Tomb:3)
  5 rakshasas
  5 hydras
  6 deep elf high priests
  47 vault guards
  Harold (Lair:1)
  Erolcha (D:12)
  4 death knights
  2 alligator snapping turtles (Shoals:4)
  3 spriggan air magi
  16 naga warriors
  A merfolk avatar (Shoals:2)
  5 merfolk aquamancers
  16 centaur warriors
  6 satyrs (Shoals:4)
  A spectral frost giant (Crypt:1)
  23 anacondas
  6 deep troll shamans
  40 two-headed ogres
  2 death yaks
  52 death scarabs
  14 vampire magi
  7 tengu warriors
  16 naga sharpshooters
  6 spriggan berserkers
  5 orc high priests (Orc:2)
  6 deep troll earth magi
  Urug (D:10)
  3 soul eaters
  5 shock serpents
  25 hell knights
  An iron troll (Depths:3)
  13 deep elf knights
  5 shadow wraiths
  A fire crab (shapeshifter) (Depths:2)
  2 titan skeletons
  3 salamander mystics (Snake:3)
  A wretched star (Abyss:2)
  An unseen horror (shapeshifter) (D:15)
  21 skeletal warriors
  11 flayed ghosts
  6 unseen horrors
  A ghost moth zombie (Crypt:2)
  21 deep elf archers
  A swamp dragon (Vaults:4)
  11 naga ritualists
  13 deep trolls
  A golden dragon zombie (Crypt:3)
  6 glowing orange brains
  6 sea snakes
  An anaconda zombie (Crypt:3)
  A golden dragon skeleton (Depths:2)
  A harpy (shapeshifter) (Elf:1)
  3 wizards (Vaults:3)
  A shadow dragon zombie (Depths:2)
  15 ironbrand convokers
  9 necromancers
  14 phantasmal warriors
  2 stone giant zombies
  22 orc knights
  A mana viper (shapeshifter) (Depths:4)
  3 wolf spiders
  22 fauns
  8 orc sorcerers
  8 cyclopes
  79 deep elf magi
  13 harpies
  13 mana vipers
  3 shining eyes
  35 ugly things
  A fire giant zombie (Crypt:3)
  A frost giant zombie (Vaults:5)
  9 manticores
  A manticore (shapeshifter) (D:15)
  A faun (shapeshifter) (Depths:3)
  A salamander (shapeshifter) (Depths:2)
  17 salamanders
  An iron dragon skeleton (Crypt:3)
  A frost giant skeleton (Depths:2)
  30 naga magi
  12 guardian serpents (Snake:4)
  2 torpor snails (Lair:5)
  A black mamba (shapeshifter) (Vaults:4)
  9 merfolk sirens
  Maurice (D:13)
  18 vault sentinels
  3 guardian serpents (shapeshifter)
  46 black mambas
  4 ice statues
  3 water nymphs
  An alligator snapping turtle zombie (Crypt:2)
  26 spiny frogs
  2 torpor snails (shapeshifter)
  5 gargoyles
  An eye of devastation (Slime:3)
  A hellion (Tomb:2)
  An elephant slug zombie (Crypt:3)
  An emperor scorpion zombie (Tomb:2)
  5 rime drakes
  A catoblepas zombie (Tomb:3)
  A spiny frog (shapeshifter) (Depths:3)
  8 freezing wraiths
  3 centaur skeletons
  A rime drake (shapeshifter) (D:15)
  A sea snake zombie (Crypt:2)
  A silent spectre (Abyss:3)
  52 yaktaurs
  A kobold demonologist (Depths:5)
  41 guardian mummies
  5 komodo dragons
  An ice devil (Lair:3)
  2 efreet
  A green draconian zombie (Crypt:3)
  A human skeleton (Vaults:5)
  3 tengu conjurers
  A queen bee (shapeshifter) (Vaults:4)
  A death yak skeleton (Crypt:1)
  A grey draconian skeleton (Crypt:1)
  23 merfolk
  9 trolls
  4 tyrant leeches (Lair:6)
  A harpy zombie (Crypt:2)
  A troll (shapeshifter) (D:12)
  A polar bear (Lair:3)
  3 wind drakes
  2 wind drakes (shapeshifter)
  3 hornets
  A bog body (Crypt:1)
  A harpy skeleton (Crypt:3)
  96 slime creatures
  11 dream sheep
  11 hippogriffs
  A jumping spider zombie (Crypt:1)
  32 blink frogs
  A dream sheep (shapeshifter) (Vaults:4)
  2 fire dragon skeletons
  15 flying skulls
  6 snapping turtles
  3 centaur simulacra (D:15)
  6 redbacks
  A fire dragon zombie (Crypt:3)
  2 tarantellas
  25 water elementals
  4 air elementals
  3 vampires (Crypt:3)
  An ice dragon skeleton (Crypt:2)
  4 shadows
  3 starcursed masses (Abyss:2)
  5 wraiths
  19 yaks
  A ynoxinul (Abyss:2)
  9 ushabtiu
  A wind drake zombie (Crypt:3)
  A human (Snake:1)
  A wyvern (Lair:5)
  4 fire elementals
  3 ettin skeletons
  2 golden eyes (shapeshifter)
  5 hogs (Snake:1)
  A basilisk (shapeshifter) (Vaults:4)
  Eustachio (D:6)
  4 golden eyes
  9 vampire mosquitoes
  8 basilisks
  8 hungry ghosts
  An acid dragon (D:14)
  A soldier ant (shapeshifter) (Vaults:2)
  2 swamp worms (shapeshifter) (Depths:3)
  16 wargs
  12 water moccasins
  53 nagas
  A soldier ant (D:11)
  9 floating eyes
  12 porcupines
  A deep troll skeleton (Crypt:2)
  A swamp drake (shapeshifter) (Vaults:3)
  A gelid demonspawn skeleton (Crypt:3)
  17 ice beasts
  A snapping turtle zombie (Tomb:3)
  2 black bears
  3 eyes of draining
  A manticore zombie (Tomb:2)
  55 orc warriors
  An alligator simulacrum (Tomb:2)
  4 sky beasts
  2 necrophages (Crypt:1)
  3 phantoms
  14 wolves
  2 boggarts
  A dream sheep zombie (Crypt:2)
  54 ogres
  The ghost of gottagoquickly the Insei, an amateur DsMo (D:6)
  16 centaurs
  A snapping turtle skeleton (Tomb:2)
  4 big kobolds
  12 crocodiles
  An elf zombie (Ossuary)
  A fire crab zombie (Crypt:1)
  Blork the orc (D:5)
  2 gnoll sergeants (D:8)
  A draconian zombie (Crypt:1)
  22 bullfrogs
  4 earth elementals
  2 elf skeletons
  2 scorpions
  An elf simulacrum (Vaults:3)
  A snapping turtle simulacrum (Crypt:2)
  A raiju zombie (Crypt:2)
  15 killer bees
  5 electric eels
  28 wights
  7 howler monkeys
  10 crimson imps
  A quasit (D:11)
  2 bullfrog skeletons
  6 centaur zombies
  A human zombie (Ossuary)
  An iron imp (Depths:1)
  11 hounds
  9 jellies
  9 orc priests
  3 iguanas
  A demonspawn skeleton (Crypt:1)
  23 orc wizards
  6 worker ants
  2 big kobold zombies (Ossuary)
  A demigod zombie (Crypt:3)
  A deep dwarf zombie (Crypt:2)
  A demigod skeleton (Crypt:2)
  A hound zombie (D:8)
  A hound skeleton (D:10)
  43 mummies
  2 worker ant zombies
  12 gnolls
  14 adders
  A howler monkey skeleton (Crypt:1)
  A steam dragon skeleton (Crypt:1)
  A shadow imp (D:6)
  4 white imps
  7 oozes
  2 worms
  An adder skeleton (D:9)
  4 dart slugs
  6 leopard geckos
  91 orcs
  A giant cockroach (D:4)
  9 goblins
  7 hobgoblins
  7 jackals
  3 quokkas
  2 ball pythons
  3 ball python skeletons
  4 bats (D:3)
  4 frilled lizards
  A gnoll skeleton (Crypt:3)
  A goblin skeleton (Crypt:2)
  A goblin zombie (Ossuary)
  A hobgoblin skeleton (Crypt:2)
  12 hobgoblin zombies (Ossuary)
  2 jackal zombies (Ossuary)
  9 kobolds
  6 kobold zombies (Ossuary)
  8 orc zombies
  7 rats
  2 fungi (Orc:2)
  5 plants
2674 creatures vanquished.

Vanquished Creatures (collateral kills)
  A salamander (Snake:1)
  2 basilisks (Lair:2)
  Grum (Lair:1)
  A vampire mosquito (Lair:6)
  A naga (Lair:2)
  2 wolves
  A crocodile (Lair:2)
  A bullfrog (Lair:6)
  A gnoll (D:3)
  An orc (D:3)
12 creatures vanquished.

Vanquished Creatures (others)
  A lich (Tomb:2)
  A fire giant (Depths:3)
  A merfolk javelineer (Shoals:4)
  2 yaktaur captains
  9 death scarabs
  14 dancing weapons
  A deep elf knight (Elf:2)
  A skeletal warrior (Tomb:2)
  A deep elf archer (Vaults:3)
  A wizard (D:14)
  A faun (Shoals:1)
  A vault sentinel (Vaults:2)
  A yaktaur (Vaults:1)
  A merfolk (Shoals:4)
  2 wolves
  A blink frog (Lair:1)
  10 flying skulls (Tomb:2)
  A human (Snake:1)
  An ushabti (Tomb:2)
  A water elemental (Elf:2)
  A yak (Lair:3)
  2 nagas (Snake:4)
  A water moccasin (Lair:3)
  2 orc warriors
  An ice dragon simulacrum (Tomb:2)
  An ogre (Vaults:1)
  A human zombie (Ossuary)
  A mummy (Tomb:1)
  An adder zombie (Ossuary)
  2 orcs
  24 bushes (D:15)
  15 fungi
  66 plants
  11 tentacles (Shoals:4)
181 creatures vanquished.

Grand Total: 2867 creatures vanquished

Notes
Turn   | Place    | Note
-------+----------+-------------------------------------------
     0 | D:1      | tsouns the Gargoyle Artificer began the quest for the Orb.
     0 | D:1      | Reached XP level 1. HP: 12/12 MP: 2/2
    53 | D:1      | Reached skill level 1 in Short Blades
   159 | D:1      | Reached XP level 2. HP: 12/16 MP: 4/4
   681 | D:2      | Found an opulent altar of Gozag.
   681 | D:2      | Found a white marble altar of Elyvilon.
   687 | D:2      | Became a worshipper of Gozag Ym Sagoz the Greedy
   999 | D:2      | Reached XP level 3. HP: 18/21 MP: 5/5
  1043 | D:2      | Reached skill level 2 in Fighting
  1342 | D:2      | Found an opulent altar of Gozag.
  1455 | D:3      | Reached XP level 4. HP: 22/27 MP: 6/6
  1978 | D:3      | Reached skill level 3 in Fighting
  2133 | D:3      | Reached skill level 1 in Maces & Flails
  2133 | D:3      | Reached XP level 5. HP: 32/32 MP: 7/7
  2494 | D:4      | Found a staircase to the Ecumenical Temple.
  2818 | D:4      | Found a sand-covered staircase.
  2823 | D:4      | Got a sapphire-encrusted scale mail
  2842 | D:4      | Identified the +5 scale mail of Minor Irritation {rF- rN++} (You found it on level 4 of the Dungeon)
  2847 | Ossuary  | Entered an ossuary
  3040 | Ossuary  | Reached skill level 1 in Polearms
  3040 | Ossuary  | Reached XP level 6. HP: 26/37 MP: 8/8
  3139 | Ossuary  | Reached skill level 4 in Fighting
  3389 | D:4      | Reached XP level 7. HP: 41/44 MP: 9/9
  3691 | D:5      | Entered Level 5 of the Dungeon
  3953 | D:5      | Reached skill level 5 in Fighting
  4218 | D:5      | Noticed Blork the orc
  4234 | D:5      | Killed Blork the orc
  4267 | D:5      | Reached skill level 1 in Armour
  4267 | D:5      | Reached XP level 8. HP: 27/49 MP: 10/10
  4419 | D:5      | Reached skill level 8 in Fighting
  4419 | D:5      | Reached skill level 5 in Dodging
  4419 | D:5      | Reached XP level 9. HP: 59/59 MP: 11/11
  4827 | D:6      | Noticed Eustachio
  4849 | D:6      | Killed Eustachio
  4990 | D:6      | Found Meilax's Assorted Antiques.
  4994 | D:6      | Found a snail-covered altar of Cheibriados.
  5021 | D:6      | Bought a fizzy pink potion for 18 gold pieces
  5021 | D:6      | Bought a pink potion for 18 gold pieces
  5021 | D:6      | Bought 3 scrolls labeled KACOEME XEEFRU for 60 gold pieces
  5021 | D:6      | Bought a red potion for 18 gold pieces
  5021 | D:6      | Bought a scroll of identify for 40 gold pieces
  5021 | D:6      | Bought a potion of agility for 80 gold pieces
  5126 | D:6      | Found Wiofih's Book Shoppe.
  5310 | D:6      | Found Pomaarch's Armour Shop.
  5321 | D:6      | Bought a +3 plate armour of cold resistance for 585 gold pieces
  5321 | D:6      | Bought a +0 pair of gloves for 58 gold pieces
  5483 | D:6      | Reached skill level 10 in Polearms
  5542 | D:6      | Noticed gottagoquickly's ghost (amateur DsMo)
  5573 | D:6      | Killed gottagoquickly's ghost
  5909 | D:7      | Reached XP level 10. HP: 65/65 MP: 12/12
  6808 | D:8      | Found Fuiplutu's Assorted Antiques.
  6994 | D:8      | Found Tadway's Antique Weapon Emporium.
  7146 | D:8      | Found a bloodstained altar of Trog.
  7583 | D:9      | Found a staircase to the Lair.
  8425 | D:9      | Reached skill level 9 in Fighting
  8653 | Lair:1   | Entered Level 1 of the Lair of Beasts
  8654 | Lair:1   | Noticed a spiny frog
  8678 | Lair:1   | Killed a spiny frog
  8699 | Lair:1   | Noticed Gastronok
  8847 | Lair:1   | Killed Gastronok
  8847 | Lair:1   | Reached XP level 11. HP: 51/71 MP: 13/13
  8878 | Lair:1   | Noticed Harold
  8925 | Lair:1   | Killed Harold
  9660 | Lair:1   | Noticed Grum
  9667 | Lair:1   | Reached skill level 10 in Fighting
  9678 | Lair:1   | Killed Grum
 10512 | Lair:1   | Bought a bread ration for 55 gold pieces
 10512 | Lair:1   | Bought a bread ration for 55 gold pieces
 10512 | Lair:1   | Bought a bread ration for 55 gold pieces
 10512 | Lair:1   | Bought a bread ration for 55 gold pieces
 10512 | Lair:1   | Bought a meat ration for 55 gold pieces
 10512 | Lair:1   | Bought a meat ration for 55 gold pieces
 10699 | Lair:2   | Reached XP level 12. HP: 54/79 MP: 14/14
 10911 | Lair:2   | Reached skill level 11 in Fighting
 11692 | Lair:2   | Learned a level 1 spell: Animate Skeleton
 11694 | Lair:2   | Learned a level 1 spell: Apportation
 11716 | Lair:3   | Noticed a four-headed hydra
 11732 | Lair:3   | Killed a four-headed hydra
 12159 | Lair:3   | Found a staircase to the Shoals.
 12282 | Lair:3   | Found a staircase to the Snake Pit.
 12421 | Lair:3   | Reached skill level 12 in Fighting
 12455 | Lair:3   | Noticed Rupert
 12466 | Lair:3   | Paralysed by Rupert for 6 turns
 12474 | Lair:3   | Paralysed by Rupert for 4 turns
 13168 | Lair:4   | Noticed a six-headed hydra
 13185 | Lair:4   | Killed a six-headed hydra
 13318 | Lair:4   | Noticed Nessos
 13322 | Lair:4   | Noticed Nessos
 13322 | Lair:4   | Nessos changed into Nessos the tarantella
 13344 | Lair:4   | Killed Nessos the tarantella
 13825 | Lair:5   | Reached XP level 13. HP: 59/87 MP: 15/15
 14088 | Lair:4   | Reached skill level 13 in Fighting
 14721 | Lair:6   | Entered Level 6 of the Lair of Beasts
 16693 | Lair:6   | Bought a +2 trident of holy wrath for 292 gold pieces
 17080 | Lair:6   | Gained mutation: Your large and strong wings let you fly indefinitely. [Gargoyle growth]
 17080 | Lair:6   | Reached XP level 14. HP: 78/95 MP: 17/17
 17158 | Lair:6   | Found a staircase to the Slime Pits.
 17322 | Lair:6   | Reached skill level 14 in Fighting
 17624 | Lair:3   | Reached skill level 5 in Evocations
 17663 | Lair:3   | Got a pitted lapis lazuli ring
 17846 | Lair:3   | Identified the ring "Datuhed" {*Drain Str+5 Slay+2} (You found it on level 3 of the Lair of Beasts)
 18163 | Lair:1   | Bought 2 royal jellies for 44 gold pieces
 18163 | Lair:1   | Bought a bread ration for 55 gold pieces
 18163 | Lair:1   | Bought a royal jelly for 22 gold pieces
 18163 | Lair:1   | Bought a royal jelly for 22 gold pieces
 18238 | D:10     | Entered Level 10 of the Dungeon
 18333 | D:10     | Reached skill level 10 in Armour
 18481 | D:10     | Noticed Joseph
 18487 | D:10     | Noticed Joseph
 18487 | D:10     | Joseph changed into Joseph the harpy
 18496 | D:10     | Killed Joseph the harpy
 18593 | D:10     | Noticed Urug
 18629 | D:10     | Killed Urug
 18645 | D:10     | Found a staircase to the Orcish Mines.
 19871 | D:11     | Found Qeulaf's Distillery.
 19871 | D:11     | Found Ipulamaqu's Magic Scroll Emporium.
 19872 | D:11     | Found Dafizxez's Jewellery Emporium.
 19872 | D:11     | Found Fipoucarr's Assorted Antiques.
 19912 | D:11     | Bought a scroll of summoning for 95 gold pieces
 19915 | D:11     | Bought a potion of beneficial mutation for 630 gold pieces
 19915 | D:11     | Bought a potion of curing for 54 gold pieces
 19915 | D:11     | Bought a potion of heal wounds for 90 gold pieces
 19915 | D:11     | Bought a potion of haste for 180 gold pieces
 19915 | D:11     | Bought a potion of curing for 54 gold pieces
 19915 | D:11     | Bought a potion of agility for 72 gold pieces
 19915 | D:11     | Gained mutation: You are partially covered in thin metallic scales. (AC +2) [potion of beneficial mutation]
 19919 | D:11     | Bought a scroll of identify for 20 gold pieces
 19919 | D:11     | Bought a scroll of identify for 20 gold pieces
 20383 | D:12     | Noticed Erolcha
 20860 | D:12     | Found a viscous altar of Jiyva.
 20994 | D:12     | Killed Erolcha
 21455 | D:13     | Noticed Maurice
 21498 | D:13     | Killed Maurice
 21878 | D:13     | Found a portal to a secret trove of treasure.
 22251 | D:14     | Found Yloliwic's Antique Armour Boutique.
 22443 | D:14     | You are sucked into a shaft!
 22443 | D:15     | Entered Level 15 of the Dungeon
 22515 | D:15     | Reached XP level 15. HP: 91/101 MP: 20/20
 22516 | D:15     | Found a staircase to the Depths.
 22592 | D:15     | Reached skill level 15 in Fighting
 22686 | D:15     | Found a labyrinth entrance.
 22722 | Lab      | Entered a labyrinth
 22934 | Lab      | Got a pitted lead ring
 22935 | Lab      | Got a pair of crude gloves
 22938 | Lab      | Identified the cursed +0 pair of gloves of Valour {rPois rF+ Str+4} (You found it in a labyrinth)
 22950 | Lab      | Identified the cursed ring "Hyqod" {rC- Str-2 Int+7 Dex+2 SInv} (You found it in a labyrinth)
 23056 | D:15     | Found a frozen archway.
 23063 | IceCv    | Entered an ice cave
 23471 | IceCv    | Got faintly glowing ice dragon scales
 23490 | IceCv    | Identified the +3 ice dragon scales "Hinax" {rF- rC++ Str+3} (You found it in an ice cave)
 23705 | D:15     | Reached skill level 15 in Polearms
 24564 | D:14     | Found a gate to the Vaults.
 24740 | D:14     | Found a bloodstained altar of Trog.
 24918 | D:15     | Noticed Roxanne
 24941 | D:15     | Killed Roxanne
 25595 | Lair:6   | Bought the +11 arbalest of Frustration {elec, rPois rN+ Str+6 Int-5} for 1339 gold pieces
 25759 | D:8      | Bought a runed glaive for 325 gold pieces
 25854 | Snake:1  | Entered Level 1 of the Snake Pit
 25960 | Snake:1  | Reached skill level 1 in Crossbows
 25983 | Snake:1  | Reached XP level 16. HP: 85/110 MP: 22/22
 26159 | Snake:1  | Noticed Louise
 26175 | Snake:1  | Noticed Kirke
 26187 | Snake:1  | Reached skill level 16 in Fighting
 26189 | Snake:1  | Killed Kirke
 26381 | Snake:1  | Killed Louise
 26836 | Snake:2  | Got a wavering jade ring
 26837 | Snake:2  | Identified the ring of Zutieghu {rC+ MR- Str+3 Dex+3 Slay+2} (You found it on level 2 of the Snake Pit)
 27363 | Snake:3  | Reached skill level 5 in Crossbows
 27828 | Snake:3  | Found a bloodstained altar of Trog.
 28259 | Snake:3  | Identified a scroll of acquirement
 28478 | Snake:3  | Learned a level 1 spell: Summon Butterflies
 28559 | Snake:3  | Reached XP level 17. HP: 108/116 MP: 23/23
 28757 | Snake:3  | Reached skill level 1 in Summonings
 29023 | Snake:4  | Entered Level 4 of the Snake Pit
 29044 | Snake:4  | Reached skill level 17 in Fighting
 29929 | Snake:4  | Reached skill level 10 in Dodging
 30169 | Shoals:1 | Entered Level 1 of the Shoals
 30182 | Lair:3   | Got a warped arbalest
 30183 | Lair:3   | Identified the +7 arbalest "Seomix" {velocity, rC+} (You acquired it on level 3 of the Lair of Beasts)
 30395 | D:13     | You paid a toll of the arbalest of Frustration to enter a treasure trove
 30396 | Trove    | Entered a treasure trove
 30437 | Trove    | Got a pitted golden amulet
 30442 | Trove    | Got a vibrating pewter amulet
 30446 | Trove    | Identified the amulet "Kaut" {Spirit Dex+5} (You found it in a treasure trove)
 30447 | Trove    | Identified the amulet "Feepn" {Reflect Str+4 Dex+4 SH+6} (You found it in a treasure trove)
 31215 | Shoals:1 | Reached skill level 1 in Spellcasting
 33094 | Shoals:4 | Entered Level 4 of the Shoals
 33228 | Shoals:4 | Reached XP level 18. HP: 59/124 MP: 24/24
 33246 | Shoals:4 | Got a crude arbalest
 33247 | Shoals:4 | Identified the +5 arbalest of the Mosquito {elec, +Blink Int+4 Dex+3} (You found it on level 4 of the Shoals)
 33454 | Shoals:4 | Noticed Ilsuiw
 33454 | Shoals:4 | HP: 6/124 [satyr/arrow (12)]
 34210 | Snake:4  | Reached skill level 10 in Crossbows
 34285 | Snake:4  | Reached skill level 5 in Summonings
 34392 | Snake:4  | Learned a level 2 spell: Repel Missiles
 35441 | Snake:4  | Got a serpentine rune of Zot
 35694 | Orc:1    | Entered Level 1 of the Orcish Mines
 36024 | Orc:2    | Entered Level 2 of the Orcish Mines
 36066 | Orc:2    | Found Vecureqehu's Antique Weapon Boutique.
 36333 | Orc:2    | Reached XP level 19. HP: 130/130 MP: 25/25
 36363 | Orc:2    | Found a roughly hewn altar of Beogh.
 36412 | Orc:2    | Found Fyez's Book Boutique.
 36448 | Orc:2    | Found Diuq's Magic Scroll Boutique.
 36635 | Orc:2    | Found a roughly hewn altar of Beogh.
 36840 | Orc:2    | Found Raod's General Store.
 36855 | Orc:2    | Found Vamnom's Antique Armour Boutique.
 36856 | Orc:2    | Found a roughly hewn altar of Beogh.
 36885 | Orc:2    | Found a staircase to the Elven Halls.
 36910 | Orc:2    | Bought a scroll of identify for 32 gold pieces
 36910 | Orc:2    | Bought a scroll of identify for 32 gold pieces
 37047 | Orc:2    | Bought a scroll of teleportation for 36 gold pieces
 37235 | Orc:2    | Bought a scroll of teleportation for 48 gold pieces
 37247 | Elf:1    | Entered Level 1 of the Elven Halls
 37263 | Elf:1    | Noticed Donald
 37281 | Elf:1    | Killed Donald
 37608 | Elf:1    | Identified the Tome of Attacks and Creation
 37617 | Elf:1    | Learned a level 6 spell: Shadow Creatures
 37775 | Elf:1    | Found Caseet's Antique Armour Emporium.
 38085 | Elf:1    | Bought fine ice dragon scales for 2405 gold pieces
 38085 | Elf:1    | Identified the +6 ice dragon scales of Tycic {rF- rC++ Regen+ Str-5 Int+7} (You bought it in a shop on level 1 of the Elven Halls)
 38590 | Elf:2    | Reached skill level 5 in Stealth
 38950 | Elf:2    | Found Jidis's Weapon Emporium.
 39401 | Elf:2    | Found a runed gate.
 39401 | Elf:2    | Found a runed gate.
 39401 | Elf:2    | Found a runed gate.
 39526 | Elf:3    | Entered Level 3 of the Elven Halls
 39697 | Elf:3    | Noticed a Hell Sentinel
 39879 | Elf:3    | Noticed a Tzitzimitl
 39879 | Elf:3    | Reached XP level 20. HP: 114/136 MP: 26/26
 39884 | Elf:3    | Reached skill level 15 in Crossbows
 40259 | Elf:3    | Noticed a Brimstone Fiend
 40412 | Elf:2    | Got a slimy amber ring
 40420 | Elf:2    | Identified the ring of Wirphuk {rF+ rN+ Stlth+} (You took it off a deep elf blademaster on level 2 of the Elven Halls)
 40424 | Elf:2    | Identified the +8 chain mail of the Monk {rElec Regen+ Slay-4} (You took it off a deep elf blademaster on level 2 of the Elven Halls)
 40511 | Elf:3    | Cast into level 2 of the Abyss (a deep elf demonologist)
 40666 | Abyss:3  | Got an abyssal rune of Zot
 40672 | Elf:3    | Escaped the Abyss
 40736 | Elf:3    | Cast into level 2 of the Abyss (a deep elf sorcerer)
 40834 | Abyss:2  | Found a basalt altar of Yredelemnul.
 40881 | Elf:3    | Escaped the Abyss
 41005 | Elf:3    | Got a crude lead ring
 41005 | Elf:3    | Got a flickering tin ring
 41006 | Elf:3    | Identified the ring "Bas Fina" {Ice +Blink +Fly rPois MP-9} (You took it off a deep elf high priest on level 3 of the Elven Halls)
 41008 | Elf:3    | Identified the ring of Fiangar {Fire Str+4} (You took it off a deep elf sorcerer on level 3 of the Elven Halls)
 41637 | Elf:3    | Identified Nojueth's Handbook of Cloudy Changing
 41684 | Elf:3    | Identified the Compendium of Dusty Air
 41697 | Elf:3    | Identified Recak's Reference Book on Unholy Execration
 41963 | Elf:3    | Identified the ring of the Gloaming {+Fly Stlth-} (You took it off a deep elf elementalist on level 3 of the Elven Halls)
 42087 | Elf:3    | Found Qisekh's Armour Emporium.
 42095 | Elf:3    | Bought a +1 cloak of magic resistance for 346 gold pieces
 42282 | Elf:3    | Upgraded the game from 0.20-a0-540-ge6d1839 to 0.20-a0-544-g2b9a704
 42586 | Vaults:1 | Entered Level 1 of the Vaults
 42649 | Vaults:1 | Reached skill level 18 in Fighting
 43167 | Vaults:1 | Reached XP level 21. HP: 141/141 MP: 27/27
 44939 | Vaults:2 | Found Ameu's Food Shoppe.
 44955 | Vaults:2 | Bought a meat ration for 50 gold pieces
 44955 | Vaults:2 | Bought a meat ration for 50 gold pieces
 44974 | Vaults:2 | Found Zischero's Magic Scroll Emporium.
 44974 | Vaults:2 | Found Ifes's Jewellery Boutique.
 44995 | Vaults:2 | Bought a scroll of brand weapon for 280 gold pieces
 44995 | Vaults:2 | Bought a scroll of acquirement for 728 gold pieces
 44995 | Vaults:2 | Bought a scroll of enchant armour for 105 gold pieces
 44995 | Vaults:2 | Bought a scroll of teleportation for 42 gold pieces
 45019 | Vaults:2 | Found Icre's Weapon Emporium.
 45819 | Vaults:3 | Reached skill level 19 in Fighting
 46275 | Vaults:3 | Got a pair of fine gloves
 46286 | Vaults:3 | Identified the cursed -6 pair of gloves of Democracy {-Tele Int+2 Dex+2} (You found it on level 3 of the Vaults)
 46684 | Vaults:3 | Found a staircase to the Crypt.
 46684 | Vaults:3 | Found an ancient bone altar of Kikubaaqudgha.
 46686 | Vaults:3 | Found a basalt altar of Yredelemnul.
 46860 | Vaults:3 | Reached XP level 22. HP: 150/150 MP: 28/28
 48132 | Vaults:4 | Reached skill level 20 in Fighting
 48936 | Vaults:4 | Noticed Boris
 48956 | Vaults:4 | Killed Boris
 48956 | Vaults:4 | Reached XP level 23. HP: 150/157 MP: 29/29
 49273 | Vaults:4 | Bought +1 shadow dragon scales for 1740 gold pieces
 50379 | Shoals:4 | Killed Ilsuiw
 50473 | Shoals:4 | Reached skill level 10 in Stealth
 51100 | Shoals:4 | Got a barnacled rune of Zot
 51871 | Depths:1 | Entered Level 1 of the Depths
 51967 | Depths:1 | Found a one-way gate to the infinite horrors of the Abyss.
 51967 | Depths:1 | Found a gateway to Hell.
 52774 | Depths:1 | Paralysed by something for 2 turns
 53150 | Depths:1 | Reached XP level 24. HP: 164/164 MP: 29/29
 53177 | Depths:1 | Learned a level 6 spell: Invisibility
 53180 | Depths:1 | Learned a level 2 spell: Passwall
 53421 | Depths:1 | Found a one-way gate leading to the halls of Pandemonium.
 53833 | Depths:2 | Found Gucw's Antique Weapon Emporium.
 54047 | Depths:2 | Reached skill level 21 in Fighting
 54128 | Depths:2 | Got a pair of ancient boots
 54139 | Depths:2 | Identified the +0 pair of boots of Miracles {rElec Regen+ Int+2} (You acquired it on level 2 of the Depths)
 54778 | Depths:3 | Got a transparent granite ring
 54779 | Depths:3 | Identified the ring "Imnokhlyrph" {*Tele Str+5} (You found it on level 3 of the Depths)
 54953 | Depths:3 | Noticed Margery
 54964 | Depths:3 | Killed Margery
 55133 | Depths:3 | Got a translucent amber ring
 55136 | Depths:3 | Identified the ring "Heyv" {rPois Int-5 Dex+2 Stlth+} (You found it on level 3 of the Depths)
 55424 | Depths:3 | Noticed Saint Roka
 55436 | Depths:3 | Killed Saint Roka
 55516 | Depths:3 | Paralysed by a floating eye for 4 turns
 55580 | Depths:3 | Reached XP level 25. HP: 165/172 MP: 29/29
 55626 | Depths:3 | Found Boalotan's Food Boutique.
 55639 | Depths:3 | Bought a bread ration for 60 gold pieces
 55639 | Depths:3 | Bought a meat ration for 60 gold pieces
 55639 | Depths:3 | Bought a meat ration for 60 gold pieces
 55639 | Depths:3 | Bought a meat ration for 60 gold pieces
 55743 | Depths:3 | Got a glittering platinum ring
 55744 | Depths:3 | Identified the ring "Agiulaqu" {*Tele rF+} (You found it on level 3 of the Depths)
 56955 | Depths:4 | Found Fuimm's Distillery.
 56958 | Depths:4 | Bought a potion of heal wounds for 65 gold pieces
 56958 | Depths:4 | Bought a potion of heal wounds for 65 gold pieces
 56958 | Depths:4 | Bought a potion of heal wounds for 65 gold pieces
 56958 | Depths:4 | Bought a potion of haste for 130 gold pieces
 56958 | Depths:4 | Bought a potion of curing for 39 gold pieces
 56958 | Depths:4 | Bought a potion of might for 52 gold pieces
 56958 | Depths:4 | Bought a potion of curing for 39 gold pieces
 57073 | Depths:4 | Found Ruvuwk's Antique Armour Shoppe.
 57076 | Depths:4 | Bought a pair of polished gloves for 332 gold pieces
 57086 | Depths:4 | Identified the cursed -6 pair of gloves of Odo Goo {rN+ Dex+4} (You bought it in a shop on level 4 of the Depths)
 57175 | Depths:5 | Entered Level 5 of the Depths
 57197 | Depths:4 | Found a gateway to a ziggurat.
 57763 | Depths:5 | Found an ancient bone altar of Kikubaaqudgha.
 57781 | Depths:5 | Reached skill level 10 in Evocations
 57873 | Depths:5 | Identified Sif Muna's Handbook of the Volcanoes
 58160 | Depths:5 | Found a gate to the Realm of Zot.
 58724 | Crypt:1  | Entered Level 1 of the Crypt
 58822 | Crypt:1  | Noticed Jorgrun
 58829 | Crypt:1  | Killed Jorgrun
 58846 | Crypt:1  | Reached XP level 26. HP: 179/179 MP: 30/30
 59128 | Crypt:1  | Reached skill level 22 in Fighting
 60206 | Crypt:3  | Entered Level 3 of the Crypt
 60603 | Crypt:3  | Paralysed by a lich for 2 turns
 60607 | Crypt:3  | Reached skill level 15 in Armour
 60657 | Crypt:3  | Found an ancient bone altar of Kikubaaqudgha.
 60747 | Crypt:3  | Found a basalt altar of Yredelemnul.
 60799 | Crypt:3  | Got a heavily runed ivory ring
 60800 | Crypt:3  | Identified the ring of Uplajeni {rElec rN+} (You found it on level 3 of the Crypt)
 60804 | Crypt:3  | Got a warped pewter ring
 60805 | Crypt:3  | Identified the ring "Resi" {*Drain rN+ Str+5} (You found it on level 3 of the Crypt)
 60806 | Crypt:3  | Identified the ring of Mycocec {rN+ Str+2 Int+5 Stlth+} (You found it on level 3 of the Crypt)
 60846 | Crypt:3  | Identified the Compendium of the Warped Birds
 60851 | Crypt:3  | Learned a level 2 spell: Blink
 60860 | Crypt:3  | Learned a level 8 spell: Controlled Blink
 60864 | Crypt:3  | Learned a level 2 spell: Swiftness
 61004 | Crypt:3  | Reached skill level 1 in Translocations
 61035 | Crypt:3  | Found a huge runed gate.
 61035 | Crypt:3  | Found a huge runed gate.
 61035 | Crypt:3  | Found a huge runed gate.
 61035 | Crypt:3  | Found a huge runed gate.
 61039 | Crypt:3  | Found a huge runed gate.
 61042 | Crypt:3  | Found a huge runed gate.
 61042 | Crypt:3  | Found a huge runed gate.
 61043 | Crypt:3  | Found a huge runed gate.
 61043 | Crypt:3  | Found a huge runed gate.
 61043 | Crypt:3  | Found a huge runed gate.
 61048 | Crypt:3  | Found a huge runed gate.
 61048 | Crypt:3  | Found a huge runed gate.
 61048 | Crypt:3  | Found a huge runed gate.
 61065 | Crypt:3  | Found a huge runed gate.
 61065 | Crypt:3  | Found a huge runed gate.
 61065 | Crypt:3  | Found a huge runed gate.
 61092 | Crypt:3  | Found a huge runed gate.
 61092 | Crypt:3  | Found a huge runed gate.
 61094 | Crypt:3  | Found a huge runed gate.
 61094 | Crypt:3  | Found a huge runed gate.
 61099 | Crypt:3  | Found a huge runed gate.
 61099 | Crypt:3  | Found a huge runed gate.
 61112 | Crypt:3  | Found a huge runed gate.
 61114 | Crypt:3  | Found a huge runed gate.
 61115 | Crypt:3  | Found a huge runed gate.
 61116 | Crypt:3  | Found a huge runed gate.
 61121 | Crypt:3  | Found a huge runed gate.
 61224 | Crypt:3  | Found a staircase to the Tomb.
 61402 | Crypt:3  | Noticed an ancient lich
 61439 | Crypt:3  | HP: 8/180 [phantasmal warrior[a curse skull] (18)]
 61701 | Crypt:3  | Killed an ancient lich
 61701 | Crypt:3  | Reached skill level 5 in Spellcasting
 62150 | Vaults:5 | Entered Level 5 of the Vaults
 62156 | Vaults:5 | Reached skill level 5 in Translocations
 62214 | Vaults:5 | Reached XP level 27. HP: 186/186 MP: 32/32
 62432 | Vaults:5 | Identified the +5 plate armour of the Zebra {Str+4 Int+3} (You found it on level 5 of the Vaults)
 62444 | Vaults:5 | Got a crystal arbalest
 62445 | Vaults:5 | Identified the +7 arbalest of Wiybal {penet, *Slow rPois rF++ Stlth+} (You found it on level 5 of the Vaults)
 62496 | Vaults:5 | Got a silver rune of Zot
 62789 | Vaults:5 | Reached skill level 23 in Fighting
 62872 | Vaults:5 | Noticed an ancient lich
 62875 | Vaults:5 | Killed an ancient lich
 63100 | Vaults:5 | Noticed an ancient lich
 63121 | Vaults:5 | Killed an ancient lich
 63131 | Vaults:5 | Reached skill level 10 in Translocations
 63193 | Vaults:5 | Identified the cursed +0 plate armour of Watchfulness {Dex+2} (You found it on level 5 of the Vaults)
 63225 | Vaults:5 | Identified Sif Muna's Disquisition on Transformation
 63565 | Vaults:5 | Identified the Almanac of Enchantment
 64303 | Slime:1  | Entered Level 1 of the Pits of Slime
 64396 | Slime:5  | Entered Level 5 of the Pits of Slime
 64430 | Slime:4  | Gained mutation: Your spells are a little easier to cast, but a little less powerful. [a shining eye]
 64432 | Slime:4  | Gained mutation: You are dopey. (Int -2) [a shining eye]
 64435 | Slime:4  | Gained mutation: Your body sometimes deteriorates upon taking damage. [a shining eye]
 64619 | Slime:4  | Gained mutation: Your body often deteriorates upon taking damage. [a shining eye]
 64952 | Slime:5  | Noticed the Royal Jelly
 64953 | Slime:5  | Found a viscous altar of Jiyva.
 64962 | Slime:5  | Killed the Royal Jelly
 65208 | Slime:5  | Got a scintillating turquoise ring
 65209 | Slime:5  | Identified the ring "Vuon" {Fire +Blink Int+3} (You found it on level 5 of the Pits of Slime)
 65477 | Slime:5  | Identified the Incunabulum of Dislocated Calling
 65483 | Slime:5  | Got a slimy rune of Zot
 65550 | Slime:5  | Got a flickering tin ring
 65551 | Slime:5  | Identified the ring of Kush {+Inv rPois MP+9 Str+2 Stlth+} (You found it on level 5 of the Pits of Slime)
 66335 | Tomb:1   | Entered Level 1 of the Tomb of the Ancients
 66476 | Tomb:1   | Noticed a greater mummy
 66959 | Tomb:1   | Noticed a greater mummy
 66965 | Tomb:1   | Killed a greater mummy
 67447 | Tomb:1   | Lost mutation: Your spells are a little easier to cast, but a little less powerful. [potion of cure mutation]
 67447 | Tomb:1   | Lost mutation: Your body often deteriorates upon taking damage. [potion of cure mutation]
 67447 | Tomb:1   | Lost mutation: You are dopey. (Int -2) [potion of cure mutation]
 67447 | Tomb:1   | Lost mutation: Your body sometimes deteriorates upon taking damage. [potion of cure mutation]
 67610 | Tomb:2   | Noticed an ancient lich
 67659 | Tomb:2   | Noticed an ancient lich
 67659 | Tomb:2   | Noticed a greater mummy
 67660 | Tomb:2   | Noticed a greater mummy
 67885 | Tomb:1   | Killed an ancient lich
 67885 | Tomb:1   | Reached skill level 10 in Spellcasting
 67944 | Tomb:1   | Killed an ancient lich
 68063 | Tomb:1   | Killed a greater mummy
 68132 | Tomb:1   | Upgraded the game from 0.20-a0-544-g2b9a704 to 0.20-a0-548-g4f8a798
 68149 | Tomb:1   | Killed a greater mummy
 68443 | Tomb:1   | Noticed a greater mummy
 68443 | Tomb:1   | Noticed a greater mummy
 68443 | Tomb:1   | Noticed a greater mummy
 68443 | Tomb:1   | Noticed a greater mummy
 68443 | Tomb:1   | Noticed a greater mummy
 68449 | Tomb:1   | Killed a greater mummy
 68457 | Tomb:1   | Noticed a greater mummy
 68459 | Tomb:1   | Killed a greater mummy
 68459 | Tomb:1   | Reached skill level 15 in Translocations
 68470 | Tomb:2   | Killed a greater mummy
 68610 | Tomb:1   | Noticed a greater mummy
 68614 | Tomb:1   | Killed a greater mummy
 68621 | Tomb:2   | Killed a greater mummy
 68861 | Tomb:1   | Killed a greater mummy
 68870 | Tomb:1   | Killed a greater mummy
 68873 | Tomb:1   | Noticed a greater mummy
 68886 | Tomb:1   | Killed a greater mummy
 69022 | Tomb:1   | Noticed a greater mummy
 69023 | Tomb:1   | Noticed a greater mummy
 69038 | Tomb:1   | Killed a greater mummy
 69193 | Tomb:2   | Killed a greater mummy
 69267 | Tomb:1   | Noticed Frederick
 69279 | Tomb:1   | Killed Frederick
 69305 | Tomb:1   | Noticed a greater mummy
 69313 | Tomb:1   | Killed a greater mummy
 69316 | Tomb:1   | Noticed a greater mummy
 69326 | Tomb:1   | Killed a greater mummy
 69446 | Tomb:1   | Noticed a greater mummy
 69459 | Tomb:1   | Killed a greater mummy
 69533 | Tomb:1   | Noticed a greater mummy
 69535 | Tomb:1   | Noticed a greater mummy
 69536 | Tomb:1   | Noticed a greater mummy
 69536 | Tomb:1   | Noticed a greater mummy
 69537 | Tomb:1   | Noticed a greater mummy
 69537 | Tomb:1   | Noticed a greater mummy
 69564 | Tomb:1   | Killed a greater mummy
 69564 | Tomb:1   | Killed a greater mummy
 69565 | Tomb:1   | Killed a greater mummy
 69799 | Tomb:1   | Killed a greater mummy
 69924 | Tomb:1   | Killed a greater mummy
 70007 | Tomb:1   | Killed a greater mummy
 70033 | Tomb:1   | Noticed a greater mummy
 70061 | Tomb:1   | Killed a greater mummy
 70292 | Tomb:3   | Entered Level 3 of the Tomb of the Ancients
 70599 | Tomb:3   | Noticed a greater mummy
 70603 | Tomb:3   | Noticed an ancient lich
 70619 | Tomb:2   | Killed an ancient lich
 70619 | Tomb:2   | Reached skill level 24 in Fighting
 70745 | Tomb:2   | Killed a greater mummy
 70956 | Tomb:3   | Noticed a greater mummy
 70972 | Tomb:3   | Killed a greater mummy
 71087 | Tomb:3   | Got a scintillating ivory ring
 71088 | Tomb:3   | Identified the ring "Pob Wyolu" {rF+ Str+5 Int+3 Dex+2 Slay+3} (You found it on level 3 of the Tomb of the Ancients)
 71115 | Tomb:3   | Got a slimy ivory ring
 71116 | Tomb:3   | Identified the ring "Rammas" {MR+ EV+1 Str+5 Int+2} (You found it on level 3 of the Tomb of the Ancients)
 71128 | Tomb:3   | Identified the Reference Book on Sinister Rites and the Volcanoes
 71207 | Tomb:3   | Noticed a greater mummy
 71219 | Tomb:3   | Killed a greater mummy
 71332 | Tomb:3   | Noticed a greater mummy
 71336 | Tomb:3   | Noticed a greater mummy
 71336 | Tomb:3   | Noticed Jory
 71337 | Tomb:3   | Noticed a greater mummy
 71620 | Tomb:3   | Identified the Guide on Stolen Souls and the Traveller
 71789 | Tomb:3   | Noticed a greater mummy
 71800 | Tomb:3   | Killed a greater mummy
 71831 | Tomb:3   | Demolished by a quicksilver dragon simulacrum

Vault maps used:
D:1:      lightli_iron_boxes
D:2:      gammafunk_temple_overflow_elements, nicolae_gozag_seed_capital
D:3:      bh_walls_and_bars
D:4:      minmay_temple_entry_hall, enter_ossuary_1
D:5:      first_bread, serial_park_tiny_2, uniq_blork_the_orc
D:6:      serial_shops, shop, shop_statue, shop, serial_bayou_pond_a,
          kennysheep_slug_shrine, uniq_eustachio
D:8:      lightli_temple_of_fire, serial_shops, shop, shop
D:9:      erik_lair_island
D:10:     orc_0_dummy, uniq_urug, uniq_joseph
D:11:     minmay_shop_grid_forest
D:12:     hangedman_little_slice_of_home, uniq_erolcha
D:13:     nicolae_trove_entry_crossroad, uniq_maurice
D:14:     grunt_vaults_entry_fortified, serial_shops, shop, serial_park_tiny_1,
          trog_wizard
D:15:     hangedman_depths_entry_civil_slaughter, lab_entry_generic,
          serial_park_square2, serial_ice, serial_ice_m, serial_ice_n,
          serial_ice_o, serial_ice_a, serial_ice_g, serial_ice_b,
          portal_ice_cave_rime, uniq_roxanne
Lair:1:   uniq_harold, uniq_gastronok, uniq_grum
Lair:2:   minivault_19, grunt_megastairs_4, infiniplex_staircase_pool_2
Lair:3:   minmay_shoals_entry_centaurs, minmay_snake_entry_guardpost_small,
          ice2_lemuel, lemuel_fruit_fields, uniq_rupert
Lair:4:   uniq_nessos
Lair:5:   hibernation_bobbens
Lair:6:   minmay_lair_end_frog_pond, slime_dummy
Shoals:1: argonaut_gorgonesque
Shoals:4: shoals_end_grunt_garden, shoal_ilsuiw
Snake:1:  grunt_megastairs_3, uniq_louise, uniq_kirke
Snake:3:  basic_altar, guppyfry_library_mini
Snake:4:  grunt_snake_rune_serpentine_throne
Slime:1:  nicolae_slime_jelly_donut, nicolae_slime_barrier
Orc:2:    grunt_orc_gardens, grunt_orc_garden, grunt_orc_garden,
          grunt_orc_garden, grunt_orc_garden, serial_shops, shop,
          hangedman_feature_mirror, mines1_david
Elf:1:    serial_shops, nicolae_shop_window_shopping, minmay_elf_sorcery,
          minivault_27, uniq_donald
Elf:2:    serial_shops, nicolae_shop_trees
Elf:3:    minmay_elf_hall_circle, serial_shops, shop,
          minmay_checkered_concentric_circles
Vaults:1: vaults_room_grunt_arrival_checkpoint, v_misc_27, v_misc_16,
          hangedman_vaults_river_flow, nicolae_vaults_three_branches, v_misc_24,
          nicolae_vaults_mini_display_case, vaults_room_corners
Vaults:2: v_misc_8, hangedman_vaults_impose, st_diamondy,
          nicolae_vaults_little_squares_4, nicolae_vaults_alarming,
          nicolae_vaults_little_squares_2, vaults_dpeg_spiral,
          grunt_vaults_funnel, ontoclasm_vaults_eye, ontoclasm_vaults_fault,
          serial_shops, shop, nicolae_shop_crystal, shop, shop
Vaults:3: minmay_crypt_entry_necro_gods, nicolae_vaults_what_the_h,
          hangedman_vaults_variations, grunt_vaults_focal,
          vaults_standard_mumra_lines, nicolae_vaults_stairing_the_circle,
          vaults_standard_mumra_x, v_pattern_5, vaults_room_semicircle,
          nicolae_vaults_shelves_hall
Vaults:4: dpeg_vaults_monster_row, hangedman_vaults_stagger,
          ontoclasm_vaults_tryst, st_greater_box_1,
          vaults_room_grunt_arrival_ludios, nicolae_vaults_shelves_hall,
          dpeg_vaults_monster_box, uniq_boris
Crypt:1:  hangedman_weighted_door, item_on_display_a, uniq_jorgrun
Crypt:3:  lightli_unholy_cathedral, st_stairs_7, door_vault
Tomb:1:   uniq_frederick
Tomb:3:   uniq_jory
Depths:1: nicolae_abyss_entry_one_way_or_another, serial_column_ruins,
          column_ruins_hut_ruined, column_ruins_square_small,
          column_ruins_open_small, column_ruins_grid_1, column_ruins_grid_1,
          column_ruins_corridor_corner, column_ruins_grid_1,
          rand_demon_pan_entry_3, hell_entry, hangedman_abyss_or_decor_slice,
          firewood_loft
Depths:2: minmay_quarter_circles, pf_coc_iceberg, serial_shops, shop,
          abyss_entry
Depths:3: hangedman_spin_cycle, pan_entry, hell_entry, abyss_entry
Depths:4: hangedman_arrow_trap, enter_ziggurat_e, serial_shops,
          nicolae_shop_behind_doors, kennysheep_mini_moat,
          hangedman_abyss_entry_splay, hell_entry,
          serial_sigils_hangedman_confine
Depths:5: grunt_twist_and_shout, marbit_kobold_abyss_entry,
          pf_vacation_house_of_asmodeus, argonaut_fire_from_heaven
Abyss:2:  evilmike_abyss_exit_mutagenic, evilmike_abyss_exit_10, minivault_25_ag
Abyss:3:  evilmike_abyss_rune_ettins
Lab:      labyrinth_mini_lab, nicolae_lab_lava, nicolae_lab_plus,
          nicolae_lab_stuck
Trove:    trove_garden
Ossuary:  ossuary_tomb_1
IceCv:    ice_cave_statue_garden_chambered

Skill      XL: |  1  2  3  4  5  6  7  8  9 10 11 12 13 14 15 16 17 18 19 20 21 22 23 24 25 26 27 |
---------------+----------------------------------------------------------------------------------+-----
Short Blades   | 1 2 |  2.0
Evocations     | 3 4 6 8 9 10 | 10.8
Fighting       | 2 3 4 5 8 9 10 12 13 14 15 16 17 18 19 20 21 22 24 | 24.3
Maces & Flails | 1 2 |  2.2
Polearms       | 1 3 4 8 10 11 13 14 15 16 17 18 19 20 | 20.1
Armour         | 1 6 8 9 10 11 12 13 14 15 | 15.1
Dodging        | 5 6 8 9 10 11 12 13 | 13.0
Crossbows      | 1 6 9 13 14 16 17 18 19 20 | 20.8
Summonings     | 4 5 6 |  6.0
Spellcasting   | 2 3 4 6 12 | 12.7
Stealth        | 6 9 11 12 14 | 14.7
Translocations | 5 18 | 18.4

Action                   |  1- 3 |  4- 6 |  7- 9 | 10-12 | 13-15 | 16-18 | 19-21 | 22-24 | 25-27 || total
-------------------------+-------+-------+-------+-------+-------+-------+-------+-------+-------++-------
Melee: Short sword       |   111 |    49 |       |       |       |       |       |       |       ||   160
       Halberd           |       |   241 |    54 |   580 |  1515 |   799 |       |       |       ||  3189
       Trident           |       |       |   371 |   628 |   369 |       |       |       |       ||  1368
       Glaive            |       |       |       |       |    43 |   292 |   316 |   588 |  1109 ||  2348
       Arbalest          |       |       |       |       |       |       |     1 |     1 |     1 ||     3
 Fire: Arbalest          |       |       |       |       |       |   372 |  1069 |   889 |  1452 ||  3782
       Triple crossbow   |       |       |       |       |       |       |       |       |     1 ||     1
Throw: Javelin           |       |       |       |       |     1 |       |       |       |       ||     1
 Cast: Repel Missiles    |       |       |       |       |       |       |       |     1 |     4 ||     5
       Blink             |       |       |       |       |       |       |       |       |     2 ||     2
       Summon Butterflie |       |       |       |       |       |       |       |       |     1 ||     1
Invok: Call Merchant     |       |       |       |     1 |     1 |       |       |     1 |     1 ||     4
       Potion Petition   |       |       |       |       |       |     1 |       |       |       ||     1
 Abil: Fly               |       |       |       |       |     1 |       |       |       |       ||     1
Evoke: Wand              |     1 |    16 |    17 |    39 |    11 |     3 |     5 |     4 |     3 ||    99
       Lamp of fire      |       |       |       |       |     1 |     5 |     3 |     1 |     9 ||    19
       Phial of floods   |       |       |       |       |       |     3 |       |       |     2 ||     5
       Fan of gales      |       |       |       |       |       |     1 |       |     1 |     1 ||     3
       Lightning rod     |       |       |       |       |       |       |       |       |     4 ||     4
  Use: Scroll            |     9 |     1 |     9 |    14 |    15 |    19 |    21 |    10 |    34 ||   132
       Potion            |       |       |     1 |     5 |     1 |     5 |       |       |    12 ||    24
 Stab: Paralysed         |       |       |     4 |       |       |       |       |       |       ||     4
       Confused          |       |       |     2 |    11 |       |       |       |       |       ||    13
       Distracted        |       |       |       |     3 |     9 |     7 |     1 |     6 |    20 ||    46
       Invisible         |       |       |       |       |       |     1 |       |       |       ||     1
       Sleeping          |       |       |       |       |       |       |       |     1 |    20 ||    21
  Eat: Bread ration      |     1 |       |       |     4 |     3 |     5 |     2 |       |       ||    15
       Royal jelly       |       |     2 |     2 |     3 |     7 |     1 |     4 |       |       ||    19
       Meat ration       |       |       |     1 |     1 |     4 |     1 |     3 |     5 |    10 ||    25
       Fruit             |       |       |       |     5 |     3 |     4 |       |     7 |     1 ||    20
Armor: Ring mail         |    38 |    42 |    84 |       |       |       |       |       |       ||   164
       Scale mail        |       |   116 |       |       |       |       |       |       |       ||   116
       Plate armour      |       |       |    86 |   915 |  1134 |   771 |   475 |   171 |       ||  3552
       Shadow dragon sca |       |       |       |       |       |       |       |   417 |  1174 ||  1591
Dodge: Dodged            |    50 |   159 |   134 |   403 |   624 |   547 |   328 |   441 |  1250 ||  3936
       Deflected         |       |       |       |       |       |       |       |     1 |     9 ||    10
Block: Other             |       |       |       |       |       |   119 |   144 |   191 |   445 ||   899
       Reflection        |       |       |       |       |       |    27 |    34 |    41 |    12 ||   114
